 Dungeon Crawl Stone Soup version 0.32-a0-841-g4648e6c457 (webtiles) character file.

Game seed: 13845126864595601226

147 ytrimaz the Caller (level 5, -4/31 HPs)
             Began as an Octopode Summoner on Mar 26, 2024.
             Slain by a gnoll
             ... wielding a +0 spear
              (8 damage)
             ... on level 3 of the Dungeon.
             The game lasted 00:02:42 (2338 turns).

ytrimaz the Caller (Octopode Summoner)              Turns: 2338, Time: 00:02:43

Health: -4/31      AC:  5    Str:  7    XL:     5   Next: 29%
Magic:  4/10       EV: 17    Int: 19    God:
Gold:   103        SH:  0    Dex: 13    Spells: 5/11 levels left

rFire   . . .        (no weapon)
rCold   . . .        (no shield)
rNeg    . . .        (helmet restricted)
rPois   .            d - amulet of the acrobat
rElec   .            l - +4 ring of protection
rCorr   .            o - +5 ring of evasion
SInv    .            (no ring)
Will    .....        (no ring)
Stlth   +++          (no ring)
HPRegen 0.25/turn    (no ring)
MPRegen 0.12/turn    (no ring)
                     (no ring)

%: acrobat
@: brilliant, inugami summoned
A: almost no armour, amphibious, 8 rings, camouflage 1, gelatinous body 1,
(nimble swimmer 1), tentacles
a: Convert to Beogh


You were on level 3 of the Dungeon.
You visited 1 branch of the dungeon, and saw 3 of its levels.

You collected 123 gold pieces.
You spent 20 gold pieces at shops.


Innate Abilities, Weirdness & Mutations

You cannot wear most types of armour.
You are amphibious.
You can wear up to eight rings at the same time.
Your skin changes colour to match your surroundings (Stealth+).
Your rubbery body absorbs attacks. (AC +1, EV +1)
((You are camouflaged when in or above water. (Stealth+)))
You have tentacles for arms and can constrict up to eight enemies at once.


   Skills:
 - Level 2.0 Dodging
 - Level 2.6 Stealth
 + Level 3.7 Spellcasting
 + Level 5.3 Summonings


You had 5 spell levels left.
You knew the following spells:

 Your Spells              Type           Power      Damage    Failure   Level
a - Summon Small Mammal   Summ           100%       N/A       1%          1
b - Call Imp              Summ           70%        N/A       2%          2
c - Call Canine Familiar  Summ           35%        N/A       4%          3

Your spell library contained the following spells:

 Spells                   Type           Power      Damage    Failure   Level
 Tukima's Dance           Hex            5%         N/A       38%         3
 Summon Blazeheart Golem  Fire/Summ      20%        N/A       43%         4
 Summon Lightning Spire   Summ/Air       20%        N/A       43%         4
 Dimensional Bullseye     Hex/Tloc       2%         N/A       80%         4
 Iskenderun's Mystic Bla  Conj/Tloc      5%         2d3       80%         4

Inventory:

Jewellery
 d - an amulet of the acrobat (around mantle)
   (You found it on level 1 of the Dungeon)
 h - an amulet of guardian spirit
   (You found it on level 2 of the Dungeon)
 l - a +4 ring of protection (left tentacle)
   (You found it on level 2 of the Dungeon)
 o - a +5 ring of evasion (right tentacle)
   (You found it on level 2 of the Dungeon)
Scrolls
 b - 2 scrolls of poison
 c - 3 scrolls of teleportation
 e - a scroll of noise {unknown}
 f - a scroll of fog {unknown}
 i - 2 scrolls of summoning {unknown}
 m - a scroll of fear {unknown}
 p - a scroll of identify
Potions
 g - a potion of curing {unknown}
 n - a potion of degeneration {unknown}

Dungeon Overview and Level Annotations

Branches:
Dungeon (3/15) Zot: 15662

Altars:

Shops:
D:1

? ...........##
............#
............#
#.##.........
#.##.........
#####.##........>
##.g..............
#oogh)...##.##.##.
#@5o...)†...##.#..
#..r.#$.######.#..
#.........####....
#.....###.).#####.
#...........# ..
#............# .
#........g.......
#...........#.###
###......o....#


You could see 2 orc priests, 2 gnolls, an orc, a friendly cerulean imp
(summoned), a friendly inugami (summoned) and a friendly rat (summoned).


Message History

The gnoll hits you but does no damage. The orc misses you.
The gnoll hits you from afar with a +0 spear. 😮 HP[-7]
You take 7 damage, and now have 23/31 hp.
MASSIVE DAMAGE!! (PAUSE) Unknown command.
You bump into the rock wall.
The orc priest mumbles some strange prayers to Beogh against you.
Pain shoots through your body! The orc priest closely misses you.
The orc hits you with a +1 mace of protection.
The gnoll closely misses you. x2
Your inugami barely misses the orc priest. 😮 HP[-5]
You take 5 damage, and now have 18/31 hp.
The orc priest shouts, "Beogh offers mercy even to people such as you.
Join us and be reborn!" x2
You tentacle-slap the orc priest.
You feel less invigorated. The orc priest misses you.
The orc priest completely misses you. The orc misses you.
The gnoll completely misses you.
Your inugami hits the orc priest.
The gnoll hits you from afar with a +0 spear! 😮 HP[-2]
You take 2 damage, and now have 16/31 hp.
Unknown command.
You're too confused to cast spells.
Unknown command.
The gnoll hits your inugami with a +0 flail!
The orc priest calls upon Beogh to heal the orc priest.
The orc priest is healed somewhat.
The orc priest completely misses you.
Your inugami hits the gnoll. The gnoll completely misses you.
Unknown command.
The orc priest attacks as it pursues you!
The orc priest hits you but does no damage.
The gnoll attacks as it pursues you! The gnoll completely misses you.
Your inugami hits the gnoll!
Unknown command.
Unknown command.
You are too confused!
Unknown command.
You feel less confused.
The orc priest attacks as it pursues you!
The orc priest hits you but does no damage.
The gnoll barely misses your inugami.
Your inugami hits the gnoll!
The gnoll dies!
Unknown command.
Unknown command.
Casting: Call Canine Familiar (dangerous; 4% risk of failure)
Confirm with . or Enter, or press ? or * to list all spells.
You don't know that spell.
Casting: Call Canine Familiar (dangerous; 4% risk of failure)
Confirm with . or Enter, or press ? or * to list all spells.
Okay, then.
Unknown command.
Casting: Call Canine Familiar (dangerous; 4% risk of failure)
Confirm with . or Enter, or press ? or * to list all spells.
A tiny devil pulls itself out of the air.
The orc priest looks braver for a moment.
The orc priest completely misses you. The orc misses you. 😮 HP[+1] MP[-2]
You lost 2 mp, and now have 8/10 mp.
Unknown command.
Casting: Call Imp (safe; 2% risk of failure)
Confirm with . or Enter, or press ? or * to list all spells.
You imbue your familiar with magical energy and its fangs glint viciously.
The orc priest shouts, "Beogh offers mercy even to people such as you.
Join us and be reborn!"
The gnoll hits you from afar with a +0 spear.
* * * LOW HITPOINT WARNING * * *
The orc priest misses your cerulean imp.
The orc priest barely misses you. The orc closely misses you.
Your cerulean imp completely misses the orc priest. 😨 HP[-3] MP[-3]
You take 3 damage, and now have 14/31 hp.
You lost 3 mp, and now have 5/10 mp.
Unknown command.
Casting: Call Canine Familiar (dangerous; 4% risk of failure)
Confirm with . or Enter, or press ? or * to list all spells.
The gnoll closely misses you. The gnoll barely misses you.
The orc priest misses your cerulean imp.
The orc priest hits you but does no damage.
The orc hits you but does no damage.
Your cerulean imp hits the orc priest with a -2 spear.
Your inugami hits the gnoll. x2; Your inugami hits the orc priest.
Your inugami barely misses the gnoll. 😨 MP[-1]
You lost 1 mp, and now have 4/10 mp.
Unknown command.
The gnoll closely misses you. The gnoll completely misses you.
The orc priest calls down the wrath of Beogh upon you.
Beogh smites you!
* * * LOW HITPOINT WARNING * * *
The orc priest looks braver for a moment.
Your rat bites the orc priest.
Your inugami barely misses the gnoll.
Your cerulean imp closely misses the orc priest.
The orc priest shouts, "The Pantheon deserves no one's loyalty.
Let us show you the true path!" 😱 HP[-11]
You take 11 damage, and now have 3/31 hp.
MASSIVE DAMAGE!! (PAUSE) It was a potion of brilliance.
You feel clever all of a sudden.
The gnoll hits you from afar with a +0 spear!
You die...

Skill      XL: |  1  2  3  4 |
---------------+-------------+-----
Spellcasting   | 3 |  3.7
Summonings     | 5 |  5.3
Dodging        | |  2.0
Stealth        | |  2.6

Action                     |  1- 3 |  4- 6 || total
---------------------------+-------+-------++-------
  Melee: Unarmed           |    42 |    27 ||    69
         Constrict         |    16 |    10 ||    26
         Tentacles         |     9 |     8 ||    17
         Punch             |     1 |       ||     1
   Cast: Summon Small Mamm |    32 |    16 ||    48
         Call Imp          |     4 |     3 ||     7
         Call Canine Famil |       |     3 ||     3
    Use: Scroll            |     3 |       ||     3
         Potion            |       |     3 ||     3
   Stab: Sleeping          |     5 |     3 ||     8
 Armour: Skin              |    27 |    27 ||    54
  Dodge: Dodged            |    34 |    56 ||    90

Levels and vault maps discovered:
D:1:      co_arrival_hexagon_in_a_hexagon, layout_loops_corners, serial_shops,
          shop, serial_glass, glass_columns_b, glass_columns_a, glass_columns_a,
          glass_columns_b, glass_columns_b, glass_columns_a, glass_columns_a,
          glass_columns_c
D:2:      layout_loops_ring, serial_forest, infiniplex_forest_clump_small,
          infiniplex_forest_lined_3, infiniplex_forest_corner_1,
          infiniplex_forest_lined_3, infiniplex_forest_end_1
D:3:      layout_basic, general_overflow_altar, lemuel_doored_altar,
          cheibrodos_ashenzari_chains, serial_rivers,
          chequers_serial_rivers_small_a, chequers_serial_rivers_large_a,
          chequers_serial_rivers_small_3, chequers_serial_rivers_small_b,
          lightli_sewer_entry_pipes, uniq_natasha, uniq_crazy_yiuf_cottage,
          uniq_jessica

Notes
Turn   | Place    | Note
-------+----------+-------------------------------------------
     0 | D:1      | ytrimaz the Octopode Summoner began the quest for the Orb.
     0 | D:1      | Reached XP level 1. HP: 11/11 MP: 3/3
     0 | D:1      | magus.rc [v1.9.6]
   290 | D:1      | Reached XP level 2. HP: 17/17 MP: 1/5
   355 | D:1      | Found Qoforeph's Magic Scroll Shoppe.
   387 | D:1      | Bought a scroll of identify for 20 gold pieces
   392 | D:1      | Learned a level 2 spell: Call Imp
  1066 | D:1      | Reached XP level 3. HP: 19/21 MP: 3/6
  1323 | D:2      | Reached skill level 3 in Spellcasting
  1329 | D:2      | Reached XP level 4. HP: 26/27 MP: 8/8
  1416 | D:2      | You pick up a book of Weapons and begin reading...
  1416 | D:2      | You add the spells Tukima's Dance, Dimensional Bullseye and
                  | Iskenderun's Mystic Blast to your library.
  1427 | D:2      | Learned a level 3 spell: Call Canine Familiar
  2294 | D:3      | Noticed Jessica
  2300 | D:3      | Killed Jessica
  2301 | D:3      | Reached skill level 5 in Summonings
  2321 | D:3      | Reached XP level 5. HP: 20/31 MP: 0/10
  2337 | D:3      | HP: 3/31 [orc priest/divine providence (11)]
  2338 | D:3      | Slain by a gnoll

Vanquished Creatures
  Jessica (D:3)
  A gnoll (D:3)
  2 adders (D:2)
  3 bats
  3 giant cockroaches
  2 goblins
  2 hobgoblins
  2 jackals (D:1)
  2 kobolds
  2 quokkas (D:1)
  2 ball pythons (D:2)
  4 frilled lizards
  A rat (D:1)
27 creatures vanquished.

Vanquished Creatures (collateral kills)
  An orc wizard (D:3)
  A gnoll (D:3)
  An adder (D:2)
  An orc (D:3)
  4 ball pythons
  3 endoplasms
  A giant cockroach (D:1)
  2 goblins (D:1)
  2 quokkas
  A frilled lizard (D:2)
  A kobold (D:1)
  3 rats
21 creatures vanquished.

Grand Total: 48 creatures vanquished

Table legend:
 A = Non-vault XP
 B = Vault XP
 C = Vault XP percentage of total XP
 D = Non-vault monster count
 E = Vault monster count
 F = Vault count percentage of total count
                 A         B        C        D         E       F
            +---------+---------+-------+---------+---------+-------
      Total |     174 |      37 |  17.5 |      47 |       1 |   2.1
            +---------+---------+-------+---------+---------+-------
        D:1 |      37 |       0 |   0.0 |      21 |       0 |   0.0
        D:2 |      60 |       0 |   0.0 |      17 |       0 |   0.0
        D:3 |      77 |      37 |  32.5 |       9 |       1 |  10.0
            +---------+---------+-------+---------+---------+-------

Skill      XL: |  1  2  3  4 |
---------------+-------------+-----
Spellcasting   | 3 |  3.7
Summonings     | 5 |  5.3
Dodging        | |  2.0
Stealth        | |  2.6

Action                     |  1- 3 |  4- 6 || total
---------------------------+-------+-------++-------
  Melee: Unarmed           |    42 |    27 ||    69
         Constrict         |    16 |    10 ||    26
         Tentacles         |     9 |     8 ||    17
         Punch             |     1 |       ||     1
   Cast: Summon Small Mamm |    32 |    16 ||    48
         Call Imp          |     4 |     3 ||     7
         Call Canine Famil |       |     3 ||     3
    Use: Scroll            |     3 |       ||     3
         Potion            |       |     3 ||     3
   Stab: Sleeping          |     5 |     3 ||     8
 Armour: Skin              |    27 |    27 ||    54
  Dodge: Dodged            |    34 |    56 ||    90

Illustrated notes

Table legend:
 A = Kills in this place as a percentage of kills in the entire game.
 B = Kills by you in this place as a percentage of kills by you in the entire game.
 C = Kills by friends in this place as a percentage of kills by friends in the entire game.
 D = Other kills in this place as a percentage of other kills in the entire game.
 E = Experience gained in this place as a percentage of experience gained in the entire game.
 F = Experience gained in this place divided by the number of levels of this place that you have seen.
                   A       B       C       D       E      F
               +-------+-------+-------+-------+-------+----------------------
         Total | 100.0 | 100.0 | 100.0 |   N/A | 100.0 |  70.3
       Dungeon | 100.0 | 100.0 | 100.0 |   N/A | 100.0 |  70.3
               +-------+-------+-------+-------+-------+----------------------

Table legend: (Time is in decaauts)
 A = Elapsed time spent in this place.
 B = Non-inter-level travel time spent in this place.
 C = Inter-level travel time spent in this place.
 D = Time resting spent in this place.
 E = Time spent auto-exploring this place.
 F = Levels seen in this place.
 G = Mean time per level.
                   A        B        C        D        E       F      G
               +--------+--------+--------+--------+--------+-----+--------+
         Total |   2336 |   2272 |     64 |      0 |   1849 |   3 |  778.7 |
       Dungeon |   2336 |   2272 |     64 |      0 |   1849 |   3 |  778.7 |
               +--------+--------+--------+--------+--------+-----+--------+

Top non-repeatable levels by time:
     D:1: 1175 daAuts
     D:2: 975 daAuts
     D:3: 185 daAuts
